Map: Pillars of Gold LE

Players

A.I. 1 (Very Easy)

  • Race: Protoss Protoss
  • Spawn Location: 1:00

Albert - Winner!

  • Race: Zerg Zerg
  • League: Diamond
  • Spawn Location: 7:00

VOD

Have the link to the VOD?

Description

Time

  • Played on: Nov. 12, 2020, 7:39 a.m.
  • Length: 9:11
Show
View Real Time Build Order
Export as new Build Order

A.I. 1 (Very Easy) Protoss 

Build Orders: 1 Gate Expand, Nexus First 

Get SALT Encoding   

  6  0:00  Probe  
  13  0:13  Probe  
  14  0:20  Pylon  
  14  0:43  Gateway  
  14  1:03  Nexus  
  14  1:21  Pylon  
  14  1:23  Zealot  
  14  1:25  Assimilator  
  16  1:39  Cybernetics Core  
  17  1:40  Probe  
  17  1:52  Probe  
  18  2:01  Probe  
  18  2:03  Assimilator  
  18  2:08  Stalker  
  19  2:09  Probe  
  20  2:19  Probe  
  23  2:26  Warp Gate  
  23  2:29  Probe  
  24  2:36  Probe  
  25  2:43  Probe  
  26  2:45  Pylon  
  26  2:50  Probe  
  27  2:57  Probe  
  28  3:02  Probe  
  29  3:12  Probe  
  30  3:15  Robotics Facility, Probe  
  31  3:26  Probe  
  32  3:29  Probe  
  32  3:30  Zealot  
  35  3:40  Probe  
  36  3:47  Probe  
  37  3:53  Assimilator  
  37  3:54  Probe  
  38  4:02  Observer, Probe  
  40  4:05  Assimilator  
  40  4:06  Probe  
  41  4:16  Observer, Probe  
  42  4:19  Probe  
  44  4:30  Probe  
  45  4:34  Pylon  
  45  4:38  Probe  
  46  4:44  Sentry  
  46  4:45  Probe  
  49  4:52  Probe  
  50  7:45  Stalker  
  50  7:48  Pylon  
  44  7:52  Probe  
  28  8:03  Probe  
  26  8:11  Probe  
  27  8:14  Zealot  
Show
View Real Time Build Order
Export as new Build Order

Albert Zerg - Winner!

Build Orders: Hatch First 

Get SALT Encoding   

  6  0:00  Drone  
  13  0:12  Overlord  
  13  0:19  Drone  
  14  0:30  Drone x2  
  16  0:50  Hatchery  
  15  0:57  Drone x2  
  15  1:03  Drone  
  18  1:11  Extractor  
  17  1:18  Spawning Pool  
  17  1:21  Drone  
  17  1:25  Drone  
  18  1:33  Drone  
  19  1:40  Drone  
  20  1:52  Drone  
  21  2:05  Queen x2  
  21  2:06  Zergling x4  
  27  2:22  Hatchery  
  26  2:30  Overlord  
  26  2:32  Drone  
  26  2:34  Drone  
  28  2:43  Metabolic Boost  
  28  2:48  Drone  
  28  2:49  Drone x2  
  31  2:51  Drone  
  32  2:58  Queen  
  32  3:04  Overlord  
  34  3:06  Drone  
  34  3:09  Drone  
  36  3:13  Overlord  
  36  3:22  Drone  
  36  3:23  Drone  
  36  3:24  Drone x3  
  36  3:26  Drone  
  42  3:27  Drone  
  42  3:32  Overlord  
  43  3:35  Drone  
  43  3:36  Drone  
  43  3:40  Overlord  
  45  3:55  Drone  
  45  3:56  Drone x4  
  45  4:01  Lair  
  45  4:02  Queen  
  52  4:04  Queen  
  54  4:11  Roach Warren  
  54  4:14  Extractor  
  54  4:16  Extractor  
  51  4:18  Extractor  
  51  4:22  Drone x3  
  51  4:23  Drone x2  
  51  4:24  Drone  
  56  4:25  Drone x2  
  56  4:27  Drone  
  59  4:33  Drone  
  59  4:34  Drone x2  
  59  4:35  Drone  
  59  4:36  Drone x2  
  65  4:39  Overlord  
  65  4:44  Overlord  
  65  4:59  Roach x4  
  73  5:03  Roach x4  
  81  5:09  Glial Reconstitution  
  81  5:10  Overlord  
  81  5:11  Overlord x2  
  81  5:29  Roach x2  
  81  5:30  Roach x6  
  81  5:31  Roach x2  
  81  5:33  Roach  
  81  5:34  Roach  
  105  5:41  Overlord  
  105  5:42  Overlord  
  105  5:43  Overlord  
  105  6:00  Roach x4  
  105  6:01  Roach x5  
  105  6:02  Roach  
  105  6:04  Roach  
  127  6:08  Overlord  
  127  6:14  Overlord x2  
  127  6:28  Roach x5  
  127  6:32  Roach x3  
  143  6:33  Roach x2  
  143  6:34  Roach  
  143  6:36  Roach  
  151  6:41  Overlord  
  151  6:42  Overlord  
  151  6:43  Overlord  
  151  6:45  Overseer  
  151  7:02  Roach  
  151  7:03  Roach x6  
  151  7:04  Roach x3  
  151  7:06  Roach  
  175  7:08  Roach  
  175  7:15  Overlord x3  
  175  7:34  Roach  
  175  7:35  Roach x9  
  197  7:37  Roach  
  197  7:39  Roach  
  197  7:44  Overlord  
  199  7:45  Overlord  
  199  7:53  Overlord x2  
Tags
 
Add a new tag
Caveats
  • Supply blocks, unpowered buildings, or Contaminate may cause inaccurate times.
  • Supply counts are checked every 10 seconds.